 Dungeon Crawl Stone Soup version 0.31-a0-232-gb1c03b2570 (webtiles) character file.

Game seed: 12117824742273298454

231 qw the Shooter (level 5, -1/46 HPs)
             Began as a Minotaur Hexslinger on July 7, 2023.
             Slain by a gnoll
             ... wielding a +0 halberd
              (5 damage)
             ... on level 4 of the Dungeon.
             The game lasted 00:00:52 (1925 turns).

qw the Shooter (Minotaur Hexslinger)                Turns: 1925, Time: 00:00:53

Health: -1/46      AC:  5    Str: 13    XL:     5   Next: 72%
Magic:  5/5        EV: 11    Int: 10    God:
Gold:   159        SH:  0    Dex: 14    Spells: 5/6 levels left

rFire   . . .        Y - +1 arbalest
rCold   . . .        (shield currently unavailable)
rNeg    . . .        d - +0 ring mail
rPois   .            (helmet restricted)
rElec   .            (no cloak)
rCorr   .            (no gloves)
SInv    .            (no boots)
Will    .....        (no amulet)
Stlth   +            (no ring)
HPRegen 0.27/turn    (no ring)
MPRegen 0.09/turn

%: no passive effects
@: about to teleport
A: horns 2, retaliatory headbutt
a: no special abilities


You were on level 4 of the Dungeon.
You visited 1 branch of the dungeon, and saw 4 of its levels.
You also visited: Sewer.

You collected 159 gold pieces.


Innate Abilities, Weirdness & Mutations

You have a pair of horns on your head.
You reflexively headbutt those who attack you in melee.


   Skills:
 - Level 4.1 Fighting
 + Level 5.4 Ranged Weapons
 - Level 1.1 Armour
 - Level 2.1 Dodging
 - Level 1.0 Spellcasting
 - Level 2.0 Hexes


You had 5 spell levels left.
You knew the following spells:

 Your Spells              Type           Power      Damage    Failure   Level
a - Slow                  Hex            16%        N/A       32%         1

Your spell library contained the following spells:

 Spells                   Type           Power      Damage    Failure   Level
 Inner Flame              Hex/Fire       2%         N/A       82%         3
 Portal Projectile        Hex/Tloc       4%         N/A       82%         3
 Cause Fear               Hex            2%         N/A       97%         4

Inventory:

Hand Weapons
 Y - a +1 arbalest (weapon)
Armour
 d - a +0 ring mail (worn)
Scrolls
 e - a scroll of identify
Potions
 a - 3 potions of enlightenment
 c - a potion of mutation
 f - 2 potions of heal wounds
 g - 2 potions of curing
 j - a potion of might {unknown}

Dungeon Overview and Level Annotations

Branches:
Dungeon (4/15)              Sewer (visited)
 Temple: D:4-7

Altars:

Shops:
D:3 (

Annotations:
D:2 1 runed translucent door, Crazy Yiuf


Message History

You see here a +0 dagger.
There is an open door here.
There is a stone staircase leading down here.
You climb downwards.
Found a potion of enlightenment.
There is a stone staircase leading up here.
Waypoint 4 assigned to D:4.
a - 3 potions of enlightenment (gained 1)
You open the door. 2 gnolls come into view.
A gnoll is wielding a +1 whip of electrocution.
The gnoll shouts!
A gnoll comes into view. It is wielding a +0 club.
The gnoll moves out of view.
Found 2 javelins.
A gnoll comes into view. It is wielding a +0 halberd.
You shoot a bolt. The gnoll shouts!
The bolt hits the gnoll!!
You kill the gnoll!
You shoot a bolt. The bolt barely misses the gnoll.
You shoot a bolt.
The bolt hits the gnoll but does no damage.
You shoot a bolt. The bolt barely misses the gnoll.
The bolt hits the gnoll!
You kill the gnoll!
You shoot a bolt. The bolt hits the gnoll!
The gnoll is severely wounded.
The gnoll barely misses you.
You shoot a bolt. The bolt hits the gnoll.
The gnoll is almost dead.
The gnoll hits you with a +1 whip of electrocution.
The gnoll hits you from afar with a +0 halberd!
The gnoll hits you with a +1 whip of electrocution.
You are electrocuted!
The gnoll hits you from afar with a +0 halberd!
1925 ||| READING scroll of teleportation.
As you read the scroll of teleportation, it crumbles to dust.
You feel strangely unstable.
The gnoll hits you from afar with a +0 halberd.
You die...

### #<#
#.# #@#
#g# .g.
.....
#..)..#
#.....#
#..)(.#
#.....#


You could see 2 gnolls.

Vanquished Creatures
  A kobold brigand (Sewer)
  6 gnolls
  3 adders
  A river rat (Sewer)
  2 dart slugs
  4 ball pythons
  6 endoplasms
  3 giant cockroaches
  4 goblins
  3 hobgoblins
  A jackal (Sewer)
  9 quokkas
  2 bats
  3 frilled lizards
  11 kobolds
  8 rats
67 creatures vanquished.

Notes
Turn   | Place    | Note
-------+----------+-------------------------------------------
     0 | D:1      | qw the Minotaur Hexslinger began the quest for the Orb.
     0 | D:1      | Reached XP level 1. HP: 16/16 MP: 1/1
     0 | D:1      | 0 ||| qw: Version: 0.3-a-46-gb1f654a
     0 | D:1      | 0 ||| qw: Game counter: 2291
     0 | D:1      | 0 ||| qw: Melee chars always use a shield: true
     0 | D:1      | 0 ||| qw: God list: Okawaru
     0 | D:1      | 0 ||| qw: Allow faded altars: false
     0 | D:1      | 0 ||| qw: Do Orc after clearing Dungeon:15 true
     0 | D:1      | 0 ||| qw: Do second Lair branch before Depths: true
     0 | D:1      | 0 ||| qw: Lair rune preference: random
     0 | D:1      | 0 ||| qw: Goals: Normal
     0 | D:1      | 0 ||| PLANNING D:1-11
    30 | D:1      | Found a faded altar of an unknown god.
   189 | D:1      | Reached skill level 3 in Ranged Weapons
   201 | D:1      | Reached XP level 2. HP: 23/23 MP: 2/2
   583 | D:1      | 583 ||| READING scroll labelled SEPITAWEA.
   584 | D:1      | 584 ||| READING 3 scrolls labelled COMMAUJ QOEVY.
   585 | D:1      | 585 ||| READING scroll labelled UDAASHROARR.
   586 | D:1      | 586 ||| READING scroll labelled RIOTOVUOSCH.
   587 | D:1      | 587 ||| READING scroll labelled ZOAHAO DAUQ.
   588 | D:1      | 588 ||| DROPPING scroll of poison.
   617 | D:2      | Reached XP level 3. HP: 29/29 MP: 3/3
   791 | D:2      | Found a runed translucent door.
   792 | D:2      | Noticed Crazy Yiuf
   974 | D:2      | 974 ||| UPGRADING to +0 ring mail.
   984 | D:2      | 984 ||| DROPPING +0 robe.
   985 | D:2      | 985 ||| READING 2 scrolls labelled ERHOLU PAETAZ.
  1038 | D:2      | 1038 ||| READING 3 scrolls of identify.
  1038 | D:2      | 1038 ||| IDENTIFYING blue potion
  1039 | D:2      | 1039 ||| READING 2 scrolls of identify.
  1039 | D:2      | 1039 ||| IDENTIFYING red potion
  1040 | D:2      | 1040 ||| DROPPING potion of brilliance.
  1054 | D:3      | 1054 ||| PLANNING SEWER
  1085 | D:3      | Found Cumaluel's Antique Weapon Emporium.
  1086 | D:3      | 1086 ||| SWAPPING to +0 arbalest.
  1094 | D:3      | Reached skill level 4 in Ranged Weapons
  1095 | D:3      | Reached skill level 1 in Armour
  1107 | D:3      | 1107 ||| DROPPING +1 sling.
  1115 | D:3      | 1115 ||| SHOPLISTING glowing orcbow (117 gold, have 105).
  1183 | D:3      | Reached XP level 4. HP: 36/36 MP: 4/4
  1424 | D:3      | 1424 ||| Stepping ~*~*~tactically~*~*~ (water).
  1440 | D:3      | Found a glowing drain.
  1445 | D:3      | Reached skill level 5 in Ranged Weapons
  1446 | D:3      | 1446 ||| READING scroll labelled UTOODA TAVE.
  1447 | D:3      | 1447 ||| READING 2 scrolls labelled TITINA OHEQEYTE.
  1512 | D:3      | 1512 ||| READING scroll labelled XOZEOXTYMNY.
  1513 | D:3      | 1513 ||| READING 2 scrolls of identify.
  1513 | D:3      | 1513 ||| IDENTIFYING lumpy puce potion
  1514 | D:3      | 1514 ||| DROPPING scroll of torment.
  1517 | D:3      | 1517 ||| Stepping ~*~*~tactically~*~*~ (water).
  1522 | D:3      | 1522 ||| Stepping ~*~*~tactically~*~*~ (water).
  1527 | Sewer    | Entered a sewer
  1586 | Sewer    | Noticed a kobold brigand
  1586 | Sewer    | 1586 ||| Stepping ~*~*~tactically~*~*~ (water).
  1594 | Sewer    | Killed a kobold brigand
  1595 | Sewer    | Reached XP level 5. HP: 36/46 MP: 5/5
  1656 | Sewer    | Found a white marble altar of Elyvilon.
  1699 | D:3      | 1699 ||| PLANNING D:1-11
  1898 | D:3      | 1898 ||| READING scroll labelled SOIGU SYRCHUEJU.
  1924 | D:4      | HP: 4/46 [gnoll/+0 halberd (9)]
  1925 | D:4      | 1925 ||| READING scroll of teleportation.
  1925 | D:4      | Slain by a gnoll

Levels and vault maps discovered:
D:1:      scummos_arrival_simple_crosswalls, layout_basic,
          ebering_ecumenical_altar_ruins
D:2:      layout_rooms, uniq_crazy_yiuf_cottage
D:3:      layout_basic, serial_shops, shop, gup_sewer_entry_pipe
D:4:      gammafunk_steamed_eel, layout_basic,
          minmay_temple_entry_statues_pillars, minmay_fire_ice_demons,
          uniq_natasha, uniq_menkaure

Skill      XL: |  1  2  3  4 |
---------------+-------------+-----
Ranged Weapons | 3 4 5 |  5.4
Fighting       | 2 4 |  4.1
Armour         | 1 |  1.1
Dodging        | |  2.1
Spellcasting   | |  1.0
Hexes          | |  2.0

Action                     |  1- 3 |  4- 6 || total
---------------------------+-------+-------++-------
   Fire: Sling             |    86 |       ||    86
         Arbalest          |    21 |    67 ||    88
    Use: Scroll            |     8 |     6 ||    14
 Armour: Robe              |     4 |       ||     4
         Ring mail         |     5 |     7 ||    12
  Dodge: Dodged            |    24 |    20 ||    44

Table legend:
 A = Non-vault XP
 B = Vault XP
 C = Vault XP percentage of total XP
 D = Non-vault monster count
 E = Vault monster count
 F = Vault count percentage of total count
                 A         B        C        D         E       F
            +---------+---------+-------+---------+---------+-------
      Total |     191 |     139 |  42.1 |      47 |      20 |  29.9
            +---------+---------+-------+---------+---------+-------
        D:1 |      31 |       0 |   0.0 |      17 |       0 |   0.0
        D:2 |      32 |       0 |   0.0 |      13 |       0 |   0.0
        D:3 |     100 |      16 |  13.8 |      15 |       8 |  34.8
        D:4 |      28 |       0 |   0.0 |       2 |       0 |   0.0
      Sewer |       0 |     123 | 100.0 |       0 |      12 | 100.0
            +---------+---------+-------+---------+---------+-------
